 Dungeon Crawl Stone Soup version 0.16-a0-3827-g034e2a6 (console) character file.

280 MrRokkomies the Cudgeler (level 6, -2/66 HPs)
             Began as an Ogre Warper on Jan 29, 2015.
             Slain by a scorpion (8 damage)
             ... on level 4 of the Dungeon.
             The game lasted 00:17:45 (3050 turns).

MrRokkomies the Cudgeler (Ogre Warper)              Turns: 3050, Time: 00:17:45

Health: -2/66      AC:  5    Str: 17    XL:     6   Next: 27%
Magic:  11/11      EV: 15    Int: 12    God:
Gold:   93         SH:  0    Dex: 16    Spells: 4 memorised, 1 level left

rFire  . . .     SeeInvis .     m - +0 quarterstaff
rCold  . . .     Clarity  +     A - +1 robe
rNeg   . . .     SustAb   .     (shield restricted)
rPois  .         Gourm    .     (helmet restricted)
rElec  .         Spirit   .     (no cloak)
rCorr  .         Warding  .     (gloves unavailable)
rMut   .         Stasis   .     (boots unavailable)
MR     .....                    (no amulet)
Stlth  ++........               k - ring of wizardry
                                g - +1 ring of protection

@: agile, lethally poisoned, not resistant to hostile enchantments, unstealthy
A: unfitting armour, clarity, tough skin 1
a: no special abilities


You were on level 4 of the Dungeon.
You were not hungry.

You visited 1 branch of the dungeon, and saw 4 of its levels.
You also visited: Sewer.

You collected 93 gold pieces.

Inventory:

Hand weapons
 a - a +0 mace
 b - a +0 blowgun
 m - a +0 quarterstaff (weapon)
Missiles
 e - 40 stones
 i - 34 poisoned needles
 j - 5 tomahawks of dispersal
 t - 4 tomahawks (quivered)
Armour
 A - a +1 robe (worn)
Jewellery
 g - a +1 ring of protection (left hand)
 k - a ring of wizardry (right hand)
 v - an uncursed ring of protection from magic
 w - a +3 ring of strength
 z - an uncursed ring of teleport control
Magical devices
 r - a wand of polymorph (12)
Scrolls
 d - a scroll of blinking
 p - 2 scrolls of fear
 s - a scroll of enchant armour
 y - 2 scrolls of magic mapping
Potions
 n - a potion of resistance
 o - a potion of curing {unknown}
 q - a potion of poison
 x - a potion of agility
Books
 c - a book of Spatial Translocations

   Spells                             Type                      Level
   a - Apportation                    Translocation                1
   b - Blink                          Translocation                2
   c - Shroud of Golubria             Charms/Translocation         2
   d - Portal Projectile              Translocation                3
   e - Teleport Other                 Translocation                3
   f - Passage of Golubria            Translocation                4
Comestibles
 f - a meat ration
 h - a slice of pizza
 l - 3 bread rations
 u - 4 fruits


   Skills:
 * Level 5.3 Fighting
 * Level 5.7 Maces & Flails
 - Level 1.1 Throwing
 - Level 0.7 Armour
 + Level 2.1 Dodging
 - Level 2.4 Spellcasting
 - Level 3.0 Translocations


You had one spell level left.
You knew the following spells:

 Your Spells              Type           Power        Failure   Level  Hunger
a - Apportation           Tloc           #.........   4%          1    ##.....
b - Blink                 Tloc           N/A          4%          2    ###....
c - Shroud of Golubria    Chrm/Tloc      #.........   9%          2    ###....
d - Teleport Other        Tloc           #.......     10%         3    ####...


Dungeon Overview and Level Annotations

Branches:
Dungeon (4/15)
 Temple: D:4-7

Altars:
Elyvilon


Innate Abilities, Weirdness & Mutations

You are too large for most types of armour.
You have tough skin (AC +1).
You possess an exceptional clarity of mind.


Message History

You feel very sick. The scorpion stings you! The scorpion closely misses you.
You hit the scorpion but do no damage.
The scorpion is almost dead.
You feel sick. The scorpion stings you!
* * * LOW HITPOINT WARNING * * *
Drink which item? (? for menu, Esc to quit)
It was a potion of poison.
That liquid tasted very nasty...
You are lethally poisoned!
* * * LOW HITPOINT WARNING * * *
You feel very sick. The scorpion stings you.
* * * LOW HITPOINT WARNING * * *
Drink which item? (? for menu, Esc to quit)
It was a potion of agility.
You feel agile all of a sudden.
* * * LOW HITPOINT WARNING * * *
You feel sick. The scorpion stings you!
You die...

##. ### #.. #.##
# ##..#
#..####### ##....
##........ #.....
#........ ##.)...
##....####
#$....s##
##......###
#......@##
###.####...§#
#.......†.###..##
##§§..
......#......##
#.§.#
....#####...##
##### ... #...# .
#...# #.....
#..###.. #..# #..
.# .. ..


You could see a scorpion.

Vanquished Creatures
  A crocodile (Sewer)
  An orc priest (D:3)
  A giant frog zombie (D:3)
  3 adders (D:3)
  A giant mite (D:3)
  3 worms (D:2)
  3 giant geckos (D:3)
  3 orcs (D:3)
  A ball python (D:1)
  10 giant cockroaches
  8 goblins
  12 hobgoblins
  7 jackals
  9 kobolds
  A quokka (D:4)
  10 bats
  4 giant newts
  7 rats
85 creatures vanquished.

Vanquished Creatures (others)
  A hobgoblin (D:2)
1 creature vanquished.

Grand Total: 86 creatures vanquished

Notes
Turn   | Place    | Note
--------------------------------------------------------------
     0 | D:1      | MrRokkomies, the Ogre Warper, began the quest for the Orb.
     0 | D:1      | Reached XP level 1. HP: 22/22 MP: 3/3
    41 | D:1      | Reached skill level 3 in Maces & Flails
   303 | D:1      | Reached XP level 2. HP: 31/31 MP: 5/5
   307 | D:1      | Learned a level 2 spell: Blink
   310 | D:1      | Learned a level 2 spell: Shroud of Golubria
   549 | D:1      | Reached XP level 3. HP: 28/37 MP: 6/6
   767 | D:1      | Gained mutation: You possess an exceptional clarity of mind. [potion of beneficial mutation]
   892 | D:2      | Found a white marble altar of Elyvilon.
  1722 | D:2      | Reached XP level 4. HP: 41/46 MP: 8/8
  1912 | D:3      | Reached skill level 4 in Maces & Flails
  2095 | D:3      | Reached XP level 5. HP: 51/54 MP: 9/9
  2195 | D:3      | Found a glowing drain.
  2217 | Sewer    | Entered a sewer
  2333 | Sewer    | Noticed a crocodile
  2346 | Sewer    | Killed a crocodile
  2346 | Sewer    | Reached skill level 5 in Fighting
  2346 | Sewer    | Reached skill level 5 in Maces & Flails
  2450 | D:3      | Reached XP level 6. HP: 45/66 MP: 11/11
  2952 | D:3      | Learned a level 3 spell: Teleport Other
  3050 | D:4      | Slain by a scorpion

Action                   |  1- 3 |  4- 6 || total
-------------------------+-------+-------++-------
Melee: Mace              |    72 |       ||    72
       Quarterstaff      |    37 |   170 ||   207
 Cast: Shroud of Golubri |     5 |     4 ||     9
       Blink             |     1 |       ||     1
  Use: Scroll            |     6 |     4 ||    10
       Potion            |     1 |     2 ||     3
  Eat: Chunk             |     2 |     6 ||     8
